AoeStats
← DK_Odysseo

Arena

509121073Analyzed
1v1 RM · 7d ago on Sep 25, 2026· 15m 30s· 2 players
Game mode
Random Map
Map size
Tiny (2 player)
Population
200
Speed
Normal
Resources
Standard
Victory
Conquest
Starting age
Dark Age
Ending age
Imperial Age
RankedLock teamsTeams togetherTeam positionsShared explorationLock speedFull tech treeHidden civsTurbo modeCheats
Victory
Defeat
🇪🇸 Shu · Spain
1882
+14
🇺🇸 Malay · United States
1833
-14
LowEloNobody
11:11 Feudal Age
14:05 Castle Age
13:09 Horse Collar
13:54 Double-Bit Axe
15:09 Sanctity
DK_Odysseo
11:25 Feudal Age
12:02 Double-Bit Axe
14:51 Castle Age
12:46 Horse Collar
14:59 Light Cavalry
15:51 Bow Saw
Connection lost

Rejoining the realm…

Still unreachable

The connection could not be restored.

Session expired

The server has moved on; the page needs a fresh start.